 Dungeon Crawl Stone Soup version 0.31-a0-45-g5f0c076935 (webtiles) character file.

Game seed: 15914209584829940829

434 ytrimaz the Chucker (level 7, -3/66 HPs)
             Began as an Ogre Gladiator on May 22, 2023.
             Slain by a hobgoblin
             ... wielding a +0 club
              (4 damage)
             ... on level 4 of the Dungeon.
             The game lasted 00:05:11 (3514 turns).

ytrimaz the Chucker (Ogre Gladiator)                Turns: 3514, Time: 00:05:12

Health: -3/66      AC:  6    Str: 21    XL:     7   Next: 0%
Magic:  7/7        EV: 10    Int:  9    God:
Gold:   193        SH:  0    Dex: 10    Spells: 6/6 levels left

rFire   . . .        p - +4 mace
rCold   . . .        (no shield)
rNeg    + . .        t - +2 robe {rN+}
rPois   .            c - +1 hat
rElec   .            (no cloak)
rCorr   .            (gloves unavailable)
SInv    .            (boots unavailable)
Will    .....        (no amulet)
Stlth   +            (no ring)
HPRegen 0.31/turn    (no ring)
MPRegen 0.10/turn

%: no passive effects
@: no status effects
A: large, unfitting armour, tough skin 1
a: no special abilities


You were on level 4 of the Dungeon.
You visited 1 branch of the dungeon, and saw 4 of its levels.

You collected 193 gold pieces.


Innate Abilities, Weirdness & Mutations

You are too large for most types of armour.
You have tough skin. (AC +1)


   Skills:
 - Level 2.6 Fighting
 + Level 4.5 Maces & Flails
 * Level 6.0 Throwing
 - Level 2.6 Dodging


You had 6 spell levels left.
You didn't know any spells.
Your spell library contained the following spells:

 Spells                   Type           Power      Damage    Failure   Level
 Poisonous Vapours        Pois/Air       0%         N/A       52%         2
 Static Discharge         Conj/Air       0%         2-2/arc   52%         2
 Mephitic Cloud           Conj/Pois/Air  0%         N/A       77%         3
 Tukima's Dance           Hex            0%         N/A       77%         3
 Airstrike                Air            0%         2d(0-16)  99%         4
 Passage of Golubria      Tloc           0%         N/A       99%         4
 Summon Lightning Spire   Summ/Air       0%         N/A       99%         4
 Freezing Cloud           Conj/Ice/Air   0%         6-21      100%        5
 Yara's Violent Unravell  Hex/Tmut       0%         3d3       100%        5

Inventory:

Hand Weapons
 h - a +1 mace of holy wrath
   (You found it on level 1 of the Dungeon)
 o - a +2 heavy mace
   (You found it on level 1 of the Dungeon)
 p - a +4 mace (weapon)
   (You found it on level 1 of the Dungeon)
Missiles
 s - 12 boomerangs (quivered)
Armour
 b - a +0 robe
 c - a +1 hat (worn)
 t - a +2 robe of positive energy (worn)
   (You found it on level 2 of the Dungeon)
Scrolls
 a - a scroll of identify
Potions
 i - a potion of brilliance
 m - 3 potions of magic

Dungeon Overview and Level Annotations

Branches:
Dungeon (4/15) Zot: 20455
 Temple: D:4-7

Altars:
Fedhas
Kikubaaqudgha
Zin

#.##......... #. #
.##.####.#. #.####
.##......#.
###.~~~##.##.######.
~~~~~~~~##.........
####
#~~~≈~~~~.#########
.....###≈≈≈####)....#
.......#####..)..##.#
#.g@...).....#
###KK...######
#######


You could see a kobold brigand, a hobgoblin and a kobold.


Message History

The kobold hits you but does no damage.
The kobold brigand hits you with a +0 club.
* * * LOW HITPOINT WARNING * * *
😨 HP[-5]
You take 5 damage, and now have 30/66 hp.
You barely miss the kobold brigand. Your punch misses the kobold brigand.
You feel sick. The kobold closely misses you.
The kobold brigand hits you but does no damage. 😨 HP[-1]
You take 1 damage, and now have 29/66 hp.
Unknown command.
You closely miss the kobold brigand.
You feel sick. The kobold barely misses you.
The kobold hits you but does no damage.
The kobold brigand barely misses you. 😨 HP[-1]
You take 1 damage, and now have 28/66 hp.
A hobgoblin comes into view. It is wielding a +0 club.
You feel sick.
You are no longer poisoned.
The kobold hits you but does no damage. The kobold closely misses you.
The kobold brigand hits you but does no damage.
You sock the kobold!
You kill the kobold!
The kobold brigand hits you with a +0 club.
* * * LOW HITPOINT WARNING * * *
The kobold hits you with a +0 club.
* * * LOW HITPOINT WARNING * * *
😨 HP[-3]
You take 3 damage, and now have 25/66 hp.
Unknown command.
You closely miss the kobold brigand.
The kobold brigand hits you with a +0 club.
* * * LOW HITPOINT WARNING * * *
The kobold hits you but does no damage. 😨 HP[-5]
You take 5 damage, and now have 20/66 hp.
You sock the kobold brigand!
The kobold brigand hits you with a +0 club.
* * * LOW HITPOINT WARNING * * *
The kobold misses you.
Unknown command.
Okay, then.
You closely miss the kobold brigand.
The kobold brigand hits you with a +0 club.
* * * LOW HITPOINT WARNING * * *
The kobold hits you with a +0 club.
* * * LOW HITPOINT WARNING * * *
😱 HP[-6]
You take 6 damage, and now have 14/66 hp.
Unknown command.
Throw: throwing net
Press: ? - help, Q - select action, (/) - cycle Shift-Dir - straight line, f - kobold brigand
Aim: a kobold brigand, wielding a +0 club and quivering poisoned darts (moderately wounded, 53% to hit)
You throw a throwing net.
The throwing net hits the kobold brigand.
The kobold brigand is caught in the net!
The kobold brigand struggles against the net.
The kobold hits you but does no damage.
Unknown command.
Throw: large rock
Press: ? - help, Q - select action, (/) - cycle Shift-Dir - straight line, f/p - kobold brigand
Aim: a kobold brigand, wielding a +0 club and quivering poisoned darts (moderately wounded, entangled in a net, 90% to hit)
You throw a large rock.
The large rock hits the kobold brigand but does no damage.
The kobold brigand struggles against the net.
The kobold hits you with a +0 club.
* * * LOW HITPOINT WARNING * * *
The hobgoblin hits you but does no damage. x2
The kobold brigand struggles against the net.
The kobold barely misses you. 😱 HP[-1]
You take 1 damage, and now have 13/66 hp.
Unknown command.
You hit the kobold brigand.
The kobold brigand struggles against the net.
The kobold hits you with a +0 club.
* * * LOW HITPOINT WARNING * * *
The hobgoblin barely misses you. 😱 HP[-1]
You take 1 damage, and now have 12/66 hp.
You hit the kobold brigand but do no damage.
The kobold brigand struggles against the net.
The net rips apart, and the kobold brigand comes free!
The kobold hits you but does no damage. The hobgoblin hits you with a +0 club.
* * * LOW HITPOINT WARNING * * *
😱 HP[-4]
You take 4 damage, and now have 8/66 hp.
You barely miss the kobold brigand.
The kobold brigand hits you with a +0 club.
* * * LOW HITPOINT WARNING * * *
The kobold hits you with a +0 club.
* * * LOW HITPOINT WARNING * * *
The hobgoblin hits you with a +0 club.
* * * LOW HITPOINT WARNING * * *
Unknown command. 😱 HP[-7]
You take 7 damage, and now have 1/66 hp.
You closely miss the kobold brigand. The kobold brigand closely misses you.
The kobold barely misses you. The hobgoblin hits you with a +0 club.
You die...

Skill      XL: |  1  2  3  4  5  6 |
---------------+-------------------+-----
Maces & Flails | 3 4 |  4.5
Throwing       | 3 4 5 6 |  6.0
Fighting       | |  2.6
Dodging        | |  2.6

Action                     |  1- 3 |  4- 6 |  7- 9 || total
---------------------------+-------+-------+-------++-------
  Melee: Mace              |    62 |   154 |    15 ||   231
         Flail             |     5 |       |       ||     5
         Punch             |       |     1 |       ||     1
  Throw: Throwing net      |       |     3 |     1 ||     4
         Large rock        |       |       |     1 ||     1
    Use: Scroll            |     6 |     1 |       ||     7
         Potion            |       |     5 |       ||     5
   Stab: Sleeping          |     1 |     2 |       ||     3
         Held in net/web   |       |     1 |       ||     1
 Armour: Robe              |    20 |    36 |    11 ||    67
  Dodge: Dodged            |    31 |    86 |    12 ||   129

Levels and vault maps discovered:
D:1:      lightli_arrival_windingriver, layout_basic
D:2:      layout_basic, basic_altar, minivault_14, kennysheep_cross_room
D:3:      layout_basic, mainiacjoe_overflow_paths
D:4:      cheibrodos_thug_alley, layout_loops_ring, zin_academy,
          mainiacjoe_overflow_surrounded_room, okawaru_metal_pillars_1_2,
          lightli_sewer_entry_pipes, uniq_ijyb

Notes
Turn   | Place    | Note
-------+----------+-------------------------------------------
     0 | D:1      | ytrimaz the Ogre Gladiator began the quest for the Orb.
     0 | D:1      | Reached XP level 1. HP: 22/22 MP: 1/1
     0 | D:1      | magus.rc [v1.9.6]
   155 | D:1      | Reached XP level 2. HP: 28/29 MP: 2/2
   161 | D:1      | You pick up a book of Storms and begin reading...
   161 | D:1      | You add the spells Static Discharge, Airstrike and Summon
                  | Lightning Spire to your library.
   726 | D:2      | Reached skill level 3 in Maces & Flails
   770 | D:2      | Reached skill level 3 in Throwing
   773 | D:2      | Reached XP level 3. HP: 35/36 MP: 3/3
  1101 | D:2      | Found an ancient bone altar of Kikubaaqudgha.
  1286 | D:2      | You pick up a book of Vapours and begin reading...
  1286 | D:2      | You add the spells Poisonous Vapours, Mephitic Cloud and
                  | Freezing Cloud to your library.
  1357 | D:2      | You add the spells Tukima's Dance, Passage of Golubria and
                  | Yara's Violent Unravelling to your library.
  1709 | D:3      | Found a blossoming altar of Fedhas.
  1720 | D:3      | Reached XP level 4. HP: 42/44 MP: 4/4
  1749 | D:3      | HP: 11/44 [orc priest/+0 flail (5)]
  1751 | D:3      | Reached skill level 4 in Throwing
  1756 | D:3      | Reached XP level 5. HP: 14/50 MP: 5/5
  2687 | D:4      | Noticed Ijyb
  2690 | D:3      | HP: 10/50 [orc/+0 trident (6)]
  2866 | D:4      | Killed Ijyb
  2867 | D:4      | Reached skill level 4 in Maces & Flails
  2867 | D:4      | Reached skill level 5 in Throwing
  2867 | D:4      | Reached XP level 6. HP: 25/59 MP: 6/6
  3410 | D:4      | Found a glowing silver altar of Zin.
  3467 | D:4      | Reached skill level 6 in Throwing
  3483 | D:4      | Reached XP level 7. HP: 37/66 MP: 7/7
  3508 | D:4      | HP: 16/66 [kobold brigand/+0 club (4)]
  3513 | D:4      | HP: 4/66 [kobold brigand/+0 club (4)]
  3513 | D:4      | HP: 1/66 [hobgoblin/+0 club (2)]
  3514 | D:4      | Slain by a hobgoblin

Vanquished Creatures
  A phantom (D:4)
  A scorpion (D:4)
  2 orc priests (D:3)
  Ijyb (D:4)
  2 orc wizards (D:4)
  5 adders
  5 river rats (D:4)
  3 worms (D:4)
  2 dart slugs
  6 orcs
  A bat (D:3)
  5 endoplasms
  8 goblins
  5 hobgoblins
  2 quokkas
  2 ball pythons (D:3)
  2 frilled lizards (D:2)
  13 kobolds
  7 rats
73 creatures vanquished.

Table legend:
 A = Non-vault XP
 B = Vault XP
 C = Vault XP percentage of total XP
 D = Non-vault monster count
 E = Vault monster count
 F = Vault count percentage of total count
                 A         B        C        D         E       F
            +---------+---------+-------+---------+---------+-------
      Total |     489 |     132 |  21.3 |      52 |      21 |  28.8
            +---------+---------+-------+---------+---------+-------
        D:1 |      16 |       0 |   0.0 |      10 |       0 |   0.0
        D:2 |      56 |       0 |   0.0 |      12 |       0 |   0.0
        D:3 |     155 |       0 |   0.0 |      25 |       0 |   0.0
        D:4 |     262 |     132 |  33.5 |       5 |      21 |  80.8
            +---------+---------+-------+---------+---------+-------

Skill      XL: |  1  2  3  4  5  6 |
---------------+-------------------+-----
Maces & Flails | 3 4 |  4.5
Throwing       | 3 4 5 6 |  6.0
Fighting       | |  2.6
Dodging        | |  2.6

Action                     |  1- 3 |  4- 6 |  7- 9 || total
---------------------------+-------+-------+-------++-------
  Melee: Mace              |    62 |   154 |    15 ||   231
         Flail             |     5 |       |       ||     5
         Punch             |       |     1 |       ||     1
  Throw: Throwing net      |       |     3 |     1 ||     4
         Large rock        |       |       |     1 ||     1
    Use: Scroll            |     6 |     1 |       ||     7
         Potion            |       |     5 |       ||     5
   Stab: Sleeping          |     1 |     2 |       ||     3
         Held in net/web   |       |     1 |       ||     1
 Armour: Robe              |    20 |    36 |    11 ||    67
  Dodge: Dodged            |    31 |    86 |    12 ||   129

Illustrated notes

Table legend:
 A = Kills in this place as a percentage of kills in the entire game.
 B = Kills by you in this place as a percentage of kills by you in the entire game.
 C = Kills by friends in this place as a percentage of kills by friends in the entire game.
 D = Other kills in this place as a percentage of other kills in the entire game.
 E = Experience gained in this place as a percentage of experience gained in the entire game.
 F = Experience gained in this place divided by the number of levels of this place that you have seen.
                   A       B       C       D       E      F
               +-------+-------+-------+-------+-------+----------------------
         Total | 100.0 | 100.0 |   N/A |   N/A | 100.0 | 155.2
       Dungeon | 100.0 | 100.0 |   N/A |   N/A | 100.0 | 155.2
               +-------+-------+-------+-------+-------+----------------------

Table legend: (Time is in decaauts)
 A = Elapsed time spent in this place.
 B = Non-inter-level travel time spent in this place.
 C = Inter-level travel time spent in this place.
 D = Time resting spent in this place.
 E = Time spent auto-exploring this place.
 F = Levels seen in this place.
 G = Mean time per level.
                   A        B        C        D        E       F      G
               +--------+--------+--------+--------+--------+-----+--------+
         Total |   3543 |   3430 |    113 |    109 |   2662 |   4 |  885.8 |
       Dungeon |   3543 |   3430 |    113 |    109 |   2662 |   4 |  885.8 |
               +--------+--------+--------+--------+--------+-----+--------+

Top non-repeatable levels by time:
     D:3: 1312 daAuts
     D:2: 948 daAuts
     D:1: 693 daAuts
     D:4: 589 daAuts
